 Dungeon Crawl Stone Soup version 0.30-a0-553-g7fabdf1491 (webtiles) character file.

Game seed: 12286566821902608778

121183 PyroL the Gelid (level 16, -10/149 HPs)
             Began as a Pale Draconian Ice Elementalist on Dec 27, 2022.
             Was a High Priest of Vehumet.
             Mangled by SirDiesAlot's ghost (31 damage)
             ... on level 2 of the Spider Nest.
             The game lasted 01:25:22 (29257 turns).

PyroL the Gelid (Pale Draconian Ice Elementalist)  Turns: 29257, Time: 01:25:23

Health: -10/149    AC: 23    Str: 12    XL:     16   Next: 31%
Magic:  10/42      EV: 14    Int: 23    God:    Vehumet [*****.]
Gold:   2689       SH:  3    Dex: 11    Spells: 5/42 levels left

rFire   . . .      SeeInvis .    y - +7 spear "Huhewaer" {venom, rPois}
rCold   . . .      Faith    .    Q - +0 buckler
rNeg    . . .      Spirit   .    (body armour unavailable)
rPois   +          Reflect  .    W - +1 hat {Will+}
rElec   .          Harm     .    j - +0 cloak
rCorr   .          Rampage  .    d - +0 pair of gloves
Will    ++...                    k - +0 pair of boots
Stlth   +                        H - amulet of regeneration
HPRegen 1.24/turn                N - ring of poison resistance
MPRegen 0.28/turn                Z - ring of magical power

@: ice-armoured, contaminated, glowing
A: breathe steam, AC +9, unfitting armour, cold-blooded, steam resistance
a: Breathe Steam, Renounce Religion


You were on level 2 of the Spider Nest.
You worshipped Vehumet.
Vehumet was extremely pleased with you.
You visited 5 branches of the dungeon, and saw 25 of its levels.
You visited the Abyss 1 time.

You collected 2881 gold pieces.
You spent 192 gold pieces at shops.

Inventory:

Hand Weapons
 n - the +3 shortbow of Kehan {vorpal, rF+++ Str-3 Dex+3}
   (You found it on level 2 of the Lair of Beasts)

   Any ammunition fired from it inflicts extra damage upon your enemies.
   Str:       It affects your strength (-3).
   Dex:       It affects your dexterity (+3).
   rF:        It renders you almost immune to fire.
 y - the +7 spear "Huhewaer" (weapon) {venom, rPois}
   (You found it on level 5 of the Dungeon)

   It poisons the flesh of those it strikes.
   rPois:     It protects you from poison.
Missiles
 z - 3 throwing nets
 A - 52 poisoned darts
 D - 7 atropa-tipped darts
 L - 4 javelins
 V - 8 curare-tipped darts
Armour
 d - a +0 pair of gloves (worn)
 j - a +0 cloak (worn)
 k - a +0 pair of boots (worn)
 Q - a +0 buckler (worn)
 W - a +1 hat of willpower (worn)
Jewellery
 H - an amulet of regeneration (around neck)
 N - a ring of poison resistance (left hand)
 S - an amulet of the acrobat
 Y - an amulet of magic regeneration
 Z - a ring of magical power (right hand)
Wands
 g - a wand of iceblast (19)
 u - a wand of mindburst (2)
 F - a wand of digging (5)
 G - a wand of acid (12)
 M - a wand of paralysis (14)
 O - a wand of flame (36)
Scrolls
 b - 5 scrolls of fog
 e - 2 scrolls of amnesia
 f - 4 scrolls of fear
 m - 3 scrolls of enchant weapon
 o - 4 scrolls of teleportation
 r - 3 scrolls of magic mapping
 s - 7 scrolls of poison
 t - 5 scrolls of immolation
 v - 2 scrolls of silence
 E - a scroll of brand weapon
 I - 3 scrolls of blinking
 J - 3 scrolls of vulnerability
 R - a scroll of enchant armour
 T - 5 scrolls of torment
Potions
 a - 5 potions of magic
 c - 4 potions of berserk rage
 h - 6 potions of flight
 i - 2 potions of lignification
 l - 11 potions of curing
 p - 4 potions of haste
 q - 3 potions of mutation
 w - 3 potions of cancellation
 x - 2 potions of ambrosia
 B - 3 potions of attraction
 C - a potion of resistance
 P - 3 potions of heal wounds
Miscellaneous
 K - a phial of floods
 U - a box of beasts
 X - a lightning rod (4/4)


   Skills:
 - Level 15.0 Fighting
 - Level 8.0 Dodging
 - Level 1.7 Stealth
 + Level 13.7 Spellcasting
 - Level 10.0 Conjurations
 - Level 5.0 Hexes
 - Level 6.0 Transmutations
 - Level 15.0 Ice Magic
 - Level 5.0 Air Magic
 + Level 7.6 Evocations


You had 5 spell levels left.
You knew the following spells:

 Your Spells              Type           Power      Damage    Failure   Level
a - Freeze                Ice            100%       1d10      0%          1
b - Ozocubu's Armour      Ice            71%        N/A       1%          3
c - Frozen Ramparts       Ice            100%       1d16      1%          3
d - Hailstorm             Conj/Ice       65%        3d14      1%          3
e - Freezing Cloud        Conj/Ice/Air   29%        6-21      1%          5
f - Kiss of Death         Conj/Necr      100%       2d13      1%          1
g - Iskenderun's Mystic   Conj/Tloc      38%        2d9       1%          4
h - Irradiate             Conj/Tmut      25%        3d20      1%          5
i - Yara's Violent Unrav  Hex/Tmut       20%        3d9       4%          5
j - Ozocubu's Refrigerat  Ice            35%        4d15      2%          7

Your spell library contained the following spells:

 Spells                   Type           Power      Damage    Failure   Level
 Fireball                 Conj/Fire      19%        3d9       5%          5
 Slow                     Hex            100%       N/A       1%          1
 Poisonous Vapours        Pois/Air       54%        N/A       1%          2
 Wereblood                Tmut           43%        N/A       1%          2
 Confusing Touch          Hex            38%        N/A       1%          3
 Ignite Poison            Fire/Tmut/Pois 25%        N/A       1%          3
 Mephitic Cloud           Conj/Pois/Air  38%        N/A       1%          3
 Stone Arrow              Conj/Erth      76%        3d11      1%          3
 Fulminant Prism          Conj/Hex       25%        3d13      1%          4
 Ice Form                 Ice/Tmut       59%        N/A       1%          4
 Sticky Flame             Conj/Fire      38%        2d6       1%          4
 Kindle Blastsparks       Fire/Tloc/Air  46%        2d13      2%          3
 Summon Ice Beast         Ice/Summ       50%        N/A       2%          4
 Cigotuvi's Dreadful Rot  Necr/Pois/Air  46%        N/A       4%          2
 Apportation              Tloc           30%        N/A       5%          1
 Necrotise                Necr           60%        1d7       5%          1
 Summon Small Mammal      Summ           60%        N/A       5%          1
 Summon Guardian Golem    Hex/Summ       27%        N/A       5%          3
 Sublimation of Blood     Necr           15%        N/A       8%          2
 Call Canine Familiar     Summ           15%        N/A       16%         3
 Vampiric Draining        Necr           15%        2d7       16%         3
 Silence                  Hex/Air        19%        N/A       19%         5
 Lee's Rapid Deconstruct  Erth           7%         3d7*      34%         5
 Alistair's Intoxication  Tmut/Pois      19%        N/A       38%         5
 Passage of Golubria      Tloc           15%        N/A       45%         4
 Agony                    Necr           15%        N/A       82%         5
 Simulacrum               Ice/Necr       25%        N/A       36%         6
 Polar Vortex             Ice            35%        N/A       93%         9
 Summon Hydra             Summ           7%         N/A       100%        7
 Ignition                 Fire           7%         3d5       100%        8
 Lehudib's Crystal Spear  Conj/Erth      19%        10d6      100%        8
 Animate Armour           Summ/Erth      Unusable   N/A       N/A         4

Dungeon Overview and Level Annotations

Branches:
Dungeon (15/15)            Temple (1/1) D:6            Lair (5/5) D:8
 Shoals (0/4) Lair:2       Spider (2/4) Lair:3        Slime (0/5) Lair:4
    Orc (2/2) D:12            Elf (0/3) Orc:2        Vaults (0/5) D:14
 Depths (0/4) D:15

Altars:
Ashenzari
Cheibriados
Dithmenos
Elyvilon
Fedhas
Gozag
Hepliaklqana
Kikubaaqudgha
Makhleb
Nemelex Xobeh
Okawaru
Qazlal
Ru
Sif Muna
Trog
Uskayaw
Vehumet
Wu Jian
Xom
Yredelemnul
Zin
The Shining One
Jiyva

Shops:
D:1 *(   Orc:2 **[*:[

Annotations:
D:6 3 runed translucent doors, Darkkill's ghost, novice MiHu
Spider:2 1 transporter, SirDiesAlot's ghost, journeyman DsBe


Innate Abilities, Weirdness & Mutations

You can breathe blasts of scalding, opaque steam.
Your pale cyan-grey scales are hard. (AC +9)
You cannot fit into any form of body armour.
You are cold-blooded and may be slowed by cold attacks.
You are immune to the effects of steam.


Message History

SirDiesAlot's ghost is heavily damaged.
SirDiesAlot's ghost is knocked back by the mystic blast.
The orb of destruction hits a rock wall.
SirDiesAlot's ghost hits you but does no damage.
You miss SirDiesAlot's ghost.
Your tail-slap misses SirDiesAlot's ghost.
SirDiesAlot's ghost is heavily damaged.
You feel yourself speed up.
SirDiesAlot's ghost hits you but does no damage.
SirDiesAlot's ghost closely misses you.
Casting: Iskenderun's Mystic Blast (mildly dangerous; 1% risk of failure)
Confirm with . or Enter, or press ? or * to list all spells.
The heat is drained from your surroundings.
SirDiesAlot's ghost resists.
SirDiesAlot's ghost is heavily damaged.
SirDiesAlot's ghost hits you but does no damage.
You feel less contaminated with magical energies.
You miss SirDiesAlot's ghost.
You tail-slap SirDiesAlot's ghost, but do no damage.
SirDiesAlot's ghost is heavily damaged.
SirDiesAlot's ghost hits you!
* * * LOW HITPOINT WARNING * * *
You feel yourself slow down. SirDiesAlot's ghost freezes you.
* * * LOW HITPOINT WARNING * * *
Casting: Ozocubu's Refrigeration (dangerous; 2% risk of failure)
Confirm with . or Enter, or press ? or * to list all spells.
You erupt in a fountain of uncontrolled magic!
SirDiesAlot's ghost is blasted with magical radiation!!
SirDiesAlot's ghost is severely damaged.
You are contaminated with residual magic.
SirDiesAlot's ghost hits you but does no damage.
You hit SirDiesAlot's ghost but do no damage.
SirDiesAlot's ghost is severely damaged.
You feel yourself speed up. SirDiesAlot's ghost hits you!!
* * * LOW HITPOINT WARNING * * *
SirDiesAlot's ghost freezes you!
* * * LOW HITPOINT WARNING * * *
SirDiesAlot's ghost hits you!!
You die...

# #### #..............## #
#..........#....## ###
###................# ..#
#.....####©###.....# ###
##.##### ###s##...## .###
#..#....# .....##.##
...#####.##...#. .#....#.#
..##.....#......#..##..#.##
..####...#y.##.†@..#...#..#
..# ##..#.....#.W...#.##.#
..# ##..##.##..=###....#.#
..# #....#..W($"?".#..##.#
.^# #....##..##### .###..#
..# #.....####.©.####...##
..####.................###
.....#........##.##...####
.####....^.....#.........##


You could see SirDiesAlot's ghost.

Vanquished Creatures
  A very ugly thing (D:15)
  Nessos (D:13)
  Azrael (D:15)
  Snorg (Lair:4)
  A spark wasp (Spider:2)
  A dire elephant (Lair:5)
  2 entropy weavers
  A fire dragon (Lair:5)
  Erolcha (D:10)
  Josephine (D:13)
  5 hydras
  A rakshasa (D:15)
  An ogre mage (D:15)
  A catoblepas (D:14)
  11 two-headed ogres
  6 centaur warriors
  6 boulder beetles
  11 death yaks
  A tengu warrior (D:14)
  3 orc high priests (Orc:2)
  2 sun moths
  Sonja (Orc:2)
  A large abomination (D:9)
  3 pharaoh ants
  7 skeletal warriors
  A glowing orange brain (D:15)
  5 orb spiders (Spider:2)
  A swamp dragon (Lair:5)
  3 lindwurms (Lair:5)
  3 deep elf pyromancers
  6 orc knights
  7 ugly things
  3 orc sorcerers (Orc:2)
  6 wolf spiders
  An oklob plant (Lair:1)
  2 manticores
  2 cyclopes (Orc:1)
  2 moths of wrath (Spider:2)
  7 black mambas
  6 torpor snails
  17 elephants
  An ice statue (Spider:1)
  7 cane toads
  16 komodo dragons
  3 demonic crawlers (Spider:2)
  A kobold demonologist (D:12)
  5 rime drakes
  An unseen horror (Abyss:1)
  A tengu conjurer (D:15)
  6 trolls
  A queen bee (shapeshifter) (D:14)
  2 polar bears (Lair:5)
  2 hornets (Lair:5)
  A wind drake (Lair:2)
  11 tarantellas
  14 slime creatures
  2 dream sheep (Lair:5)
  11 blink frogs
  2 jumping spiders (shapeshifter)
  A small abomination (Abyss:1)
  18 jumping spiders
  A centaur simulacrum (D:14)
  10 culicivoras
  A vampire (D:14)
  4 wyverns
  8 wraiths
  4 basilisks
  4 vampire mosquitoes (D:13)
  57 yaks
  A basilisk (shapeshifter) (D:14)
  4 fire elementals (D:15)
  A steam dragon (Lair:5)
  31 redbacks
  2 wargs (Orc:1)
  5 acid dragons
  A swamp worm (shapeshifter) (D:14)
  15 water moccasins
  A hell hound (D:15)
  21 orc warriors
  A swamp drake (Lair:5)
  2 ice beasts
  3 black bears
  A sky beast (D:7)
  A wolf (shapeshifter) (D:14)
  11 ogres
  8 wolves
  17 centaurs
  8 kobold brigands
  7 bullfrogs
  2 necrophages
  7 gnoll sergeants
  6 scorpions
  12 wights
  9 killer bees
  6 howler monkeys
  A lava snake (D:15)
  3 hounds
  5 jellies
  Crazy Yiuf (D:2)
  10 orc priests
  8 iguanas
  18 orc wizards
  A hell rat (Lair:4)
  6 adders
  10 gnolls
  4 shadow imps
  3 white imps (D:6)
  3 ufetubi
  2 worms (Lair:3)
  3 dart slugs
  57 orcs
  7 endoplasms
  4 giant cockroaches
  14 goblins
  8 hobgoblins
  17 jackals
  14 kobolds
  A quokka (D:1)
  8 ball pythons
  9 bats
  A frilled lizard (D:3)
  6 rats
  A fire vortex (D:15)
746 creatures vanquished.

Vanquished Creatures (others)
  2 demonic plants (D:6)
  14 fungi
  36 plants
52 creatures vanquished.

Grand Total: 798 creatures vanquished

Notes
Turn   | Place    | Note
-------+----------+-------------------------------------------
     0 | D:1      | PyroL the Draconian Ice Elementalist began the quest for
                  | the Orb.
     0 | D:1      | Reached XP level 1. HP: 14/14 MP: 3/3
    55 | D:1      | Found Zevy's Antique Weapon Shoppe.
   129 | D:1      | Reached XP level 2. HP: 13/20 MP: 0/5
   509 | D:1      | You fall into a shaft and drop 1 floor!
   789 | D:1      | Found Naapt's Assorted Antiques.
   793 | D:1      | Reached XP level 3. HP: 25/26 MP: 2/7
  1264 | D:2      | Learned a level 3 spell: Ozocubu's Armour
  1268 | D:2      | Learned a level 3 spell: Frozen Ramparts
  1318 | D:2      | Found an opulent altar of Gozag.
  1418 | D:2      | Found a runed translucent door.
  1419 | D:2      | Noticed Crazy Yiuf
  1431 | D:2      | Killed Crazy Yiuf
  1432 | D:2      | Reached XP level 4. HP: 20/33 MP: 1/8
  1962 | D:3      | Found an ancient bone altar of Kikubaaqudgha.
  2002 | D:3      | Reached skill level 5 in Ice Magic
  2525 | D:3      | Reached skill level 1 in Fighting
  2525 | D:3      | Reached XP level 5. HP: 25/40 MP: 3/10
  2814 | D:4      | Reached XP level 6. HP: 29/51 MP: 8/12
  3494 | D:4      | Reached skill level 5 in Fighting
  3916 | D:5      | Entered Level 5 of the Dungeon
  4025 | D:5      | Noticed an ice beast
  4054 | D:5      | Killed an ice beast
  4055 | D:5      | Your scales start taking on a pale cyan-grey colour.
  4055 | D:5      | Reached XP level 7. HP: 53/61 MP: 5/13
  4055 | D:5      | Gained mutation: You are immune to the effects of steam.
                  | [Pale Draconian growth]
  4491 | D:5      | Reached skill level 5 in Dodging
  4836 | D:5      | Reached XP level 8. HP: 61/68 MP: 7/14
  5016 | D:5      | Found an ornate altar of the Wu Jian Council.
  5081 | D:5      | Identified the +7 spear "Huhewaer" {venom, rPois}
  5281 | D:6      | Reached XP level 9. HP: 63/74 MP: 12/15
  5455 | D:6      | Reached skill level 10 in Ice Magic
  5639 | D:6      | Found a runed translucent gate.
  5641 | D:6      | Found a runed translucent gate.
  5644 | D:6      | Found a runed translucent gate.
  5644 | D:6      | Found an opulent altar of Gozag.
  5645 | D:6      | Noticed a manticore
  5645 | D:6      | Noticed Darkkill's ghost (novice MiHu)
  5709 | D:6      | Reached skill level 1 in Air Magic
  5729 | D:6      | Reached skill level 1 in Conjurations
  5765 | D:6      | Found a radiant altar of Vehumet.
  5804 | D:6      | Became a worshipper of Vehumet
  6093 | D:6      | Found a bloodstained altar of Trog.
  6404 | D:6      | Found a staircase to the Ecumenical Temple.
  6441 | Temple   | Entered the Ecumenical Temple
  7480 | D:7      | Reached * piety under Vehumet
  7480 | D:7      | Offered knowledge of Kiss of Death by Vehumet.
  7483 | D:7      | Reached skill level 5 in Conjurations
  7485 | D:7      | Learned a level 1 spell: Kiss of Death
  7619 | D:7      | Reached skill level 5 in Air Magic
  8221 | D:8      | Reached XP level 10. HP: 75/81 MP: 13/16
  8280 | D:8      | Found a staircase to the Lair.
  8380 | D:8      | Found a white marble altar of Elyvilon.
  8887 | D:9      | Reached ** piety under Vehumet
  8933 | D:9      | Offered knowledge of Sandblast by Vehumet.
  9256 | D:10     | Entered Level 10 of the Dungeon
  9257 | D:10     | Noticed Erolcha
  9656 | Abyss:1  | Cast into level 1 of the Abyss (Erolcha)
  9735 | Abyss:1  | Noticed a thrashing horror
  9740 | Abyss:1  | Noticed an orange demon
  9761 | Abyss:1  | Noticed a rakshasa
  9902 | Abyss:1  | Noticed a tentacled starspawn
  9910 | Abyss:1  | Noticed a large abomination
  9975 | D:10     | Escaped the Abyss
 10079 | D:9      | Killed a large abomination
 10080 | D:9      | Reached skill level 10 in Fighting
 10453 | D:11     | Reached XP level 11. HP: 92/101 MP: 10/17
 10559 | D:11     | Learned a level 5 spell: Freezing Cloud
 10686 | Lair:1   | Entered Level 1 of the Lair of Beasts
 11049 | Lair:1   | Reached skill level 5 in Spellcasting
 11318 | Lair:1   | Noticed an oklob plant
 11384 | Lair:1   | Killed an oklob plant
 11388 | Lair:1   | Offered knowledge of Hailstorm by Vehumet.
 11393 | Lair:1   | Learned a level 3 spell: Hailstorm
 11993 | Lair:2   | Reached *** piety under Vehumet
 12045 | Lair:2   | Identified the +3 shortbow of Kehan {vorpal, rF+++ Str-3
                  | Dex+3}
 12087 | Lair:2   | Found a staircase to the Shoals.
 12569 | Lair:3   | Learned a level 4 spell: Iskenderun's Mystic Blast
 12737 | Lair:3   | Offered knowledge of Olgreb's Toxic Radiance by Vehumet.
 12809 | Lair:3   | Reached XP level 12. HP: 89/108 MP: 21/23
 12872 | Lair:3   | Found a hole to the Spider Nest.
 13012 | Lair:3   | Reached **** piety under Vehumet
 13588 | Lair:4   | Offered knowledge of Irradiate by Vehumet.
 13626 | Lair:4   | Found a viscous altar of Jiyva.
 13626 | Lair:4   | Found a staircase to the Slime Pits.
 13665 | Lair:4   | Noticed Snorg
 13672 | Lair:4   | Killed Snorg
 13673 | Lair:4   | Reached skill level 1 in Transmutations
 13894 | Lair:4   | Learned a level 5 spell: Irradiate
 13962 | Lair:4   | Identified the +4 spear of Wath {pain, Will++ Dex+5}
 14020 | Lair:4   | Noticed a death yak
 14021 | Lair:4   | Noticed a death yak
 14021 | Lair:4   | Noticed a death yak
 14031 | Lair:4   | Killed a death yak
 14034 | Lair:4   | Killed a death yak
 14035 | Lair:4   | Reached skill level 10 in Spellcasting
 14036 | Lair:4   | Killed a death yak
 14037 | Lair:4   | Reached skill level 5 in Transmutations
 14678 | Lair:5   | Entered Level 5 of the Lair of Beasts
 14902 | Lair:5   | Reached XP level 13. HP: 64/115 MP: 11/27
 14914 | Lair:5   | Reached ***** piety under Vehumet
 15243 | Lair:5   | Offered knowledge of Yara's Violent Unravelling by Vehumet.
 16028 | Lair:5   | Noticed a dire elephant
 16041 | Lair:5   | Killed a dire elephant
 16236 | Lair:5   | Reached skill level 15 in Ice Magic
 16248 | Lair:5   | Learned a level 5 spell: Yara's Violent Unravelling
 16309 | Lair:5   | Reached skill level 1 in Hexes
 16369 | Lair:5   | Identified the +1 robe of the Peculiar Heavens {Will+ MP+9
                  | Str+8 Slay-6}
 16549 | Lair:5   | Reached XP level 14. HP: 113/122 MP: 25/29
 17884 | D:12     | Offered knowledge of Ozocubu's Refrigeration by Vehumet.
 17885 | D:12     | Reached skill level 10 in Conjurations
 17885 | D:12     | Reached skill level 5 in Hexes
 18440 | D:12     | Found a staircase to the Orcish Mines.
 18566 | Orc:1    | Entered Level 1 of the Orcish Mines
 18790 | Orc:2    | Entered Level 2 of the Orcish Mines
 18897 | Orc:2    | Found Aqaphol's Self-Improvement Boutique.
 19031 | Orc:2    | Found Xyhitual's Armour Emporium.
 19033 | Orc:2    | Found a staircase to the Elven Halls.
 19141 | Orc:2    | Learned a level 7 spell: Ozocubu's Refrigeration
 19205 | Orc:2    | Noticed Sonja
 19222 | Orc:2    | Killed Sonja
 20112 | Orc:2    | Found Zedopled's Assorted Antiques.
 20112 | Orc:2    | Found Sif Eshic's General Store.
 20114 | Orc:2    | Found Siawum's Armour Shop.
 20114 | Orc:2    | Found Delis's General Store.
 20136 | Orc:2    | Bought a +1 hat of willpower for 192 gold pieces
 20174 | Orc:1    | Offered knowledge of Spellforged Servitor by Vehumet.
 21023 | D:10     | Killed Erolcha
 21024 | D:10     | Reached skill level 1 in Evocations
 21395 | D:13     | Noticed Nessos
 21400 | D:13     | Killed Nessos
 21775 | D:13     | Noticed Josephine
 21782 | D:13     | Killed Josephine
 21799 | D:13     | Reached XP level 15. HP: 69/124 MP: 20/31
 22367 | D:13     | Reached skill level 5 in Evocations
 22795 | D:14     | Found a gate to the Vaults.
 23938 | D:15     | Entered Level 15 of the Dungeon
 23987 | D:15     | Noticed Azrael
 23992 | D:15     | Killed Azrael
 24327 | D:15     | Identified 2 scrolls of acquirement
 24328 | D:15     | Acquired a phial of floods
 24329 | D:15     | Acquired 615 gold pieces
 24522 | D:15     | Found the +0 staff of Battle
 24695 | D:15     | Offered knowledge of Arcjolt by Vehumet.
 25173 | D:15     | Found a staircase to the Depths.
 25378 | Spider:1 | Entered Level 1 of the Spider Nest
 26018 | Spider:1 | Found a frozen archway.
 26484 | Spider:1 | Reached skill level 15 in Fighting
 27070 | Spider:1 | Reached XP level 16. HP: 144/149 MP: 25/33
 27574 | Spider:2 | Reached ****** piety under Vehumet
 27574 | Spider:2 | Offered knowledge of Fireball by Vehumet.
 28702 | Spider:2 | Found a transporter.
 28703 | Spider:2 | Found the dreamshard necklace {*Dream Drain}
 28717 | Spider:2 | Noticed SirDiesAlot's ghost (journeyman DsBe)
 28726 | Spider:2 | Found a transporter.
 29257 | Spider:2 | Mangled by SirDiesAlot's ghost

Illustrated notes

Levels and vault maps discovered:
D:1:      dpeg_arrival_subterranean_lakeside_camping, layout_basic,
          serial_shops, shop, shop, minmay_misc_feat_roman
D:2:      layout_basic, basic_altar, uniq_crazy_yiuf_cottage
D:3:      layout_rooms, nicolae_kikubaaqudgha_miasma_corner
D:4:      layout_basic, roderic_lattice_a, amcnicky_mini_pool_small
D:5:      layout_cave_pools, mainiacjoe_overflow_brackets, st_stairs_9,
          grunt_ministairs_15, dreamdust_mushroom_princess
D:6:      layout_layer_cave, trog_hazing_becter, nicolae_vehumet_radiance,
          minmay_temple_entry_enclosed_plants, ebering_ghost_gozag,
          serial_demonic, serial_demonic_c, serial_demonic_g, serial_demonic_a,
          serial_demonic_c, serial_demonic_f, serial_demonic_f
D:7:      layout_rooms, grunt_decor_mini_mirrors
D:8:      layout_loops_ring, elyvilon_altar_3
D:9:      layout_cave_pools, hex_large
D:10:     layout_rooms, uniq_erolcha
D:11:     layout_layer_cave
D:12:     layout_basic, kennysheep_orc_monster_closet_entryway,
          hangedman_decor_opposing
D:13:     layout_gridville, uniq_josephine, uniq_nessos
D:14:     layout_roguey, david_vaults_2, minmay_misc_feat_tower
D:15:     gammafunk_enter_depths_forms, layout_basic, minivault_11,
          grunt_decor_junction, uniq_azrael
Temple:   minmay_temple_bridge_d
Lair:1:   layout_chaotic_city, fungi_pond_lemuel, grunt_megastairs_3
Lair:2:   layout_cave_shapes, minmay_shoals_entry_beasts
Lair:3:   layout_small_grid, nicolae_spider_entry_non_spiders,
          infiniplex_staircase_pool_2, lemuel_fruit_fields
Lair:4:   layout_gridlike, minmay_slime_entry_pillars, lemuel_fruit_tree,
          uniq_snorg
Lair:5:   hangedman_lair_in_review, layout_regular_city,
          guppyfry_lair_end_dragon
Spider:1: layout_chambers, portal_ice_cave_entry_ice_statue_one,
          nicolae_spider_eight_legs
Spider:2: layout_chambers, gammafunk_ghost_berserking_beasts,
          guppyfry_spider_mini_1, nicolae_spider_cling_halls
Orc:1:    layout_caves, lightli_orcish_oven
Orc:2:    grunt_orc_tribal_feast, layout_caves, serial_shops, shop, basic_altar,
          nicolae_shop_self_help, uniq_sonja

Skill      XL: |  1  2  3  4  5  6  7  8  9 10 11 12 13 14 15 16 |
---------------+-------------------------------------------------+-----
Spellcasting   | 3 4 7 10 11 12 13 | 13.7
Ice Magic      | 5 6 9 10 12 15 | 15.0
Fighting       | 1 3 5 10 15 | 15.0
Dodging        | 3 5 7 8 |  8.0
Air Magic      | 5 |  5.0
Conjurations   | 6 7 8 10 | 10.0
Transmutations | 6 |  6.0
Hexes          | 2 5 |  5.0
Evocations     | 3 5 7 |  7.6
Stealth        | |  1.7

Action                   |  1- 3 |  4- 6 |  7- 9 | 10-12 | 13-15 | 16-18 || total
-------------------------+-------+-------+-------+-------+-------+-------++-------
Melee: Unarmed           |     8 |       |       |       |       |       ||     8
       Dagger            |    29 |    73 |    50 |       |       |       ||   152
       Tailslap          |     5 |    12 |    23 |    54 |    88 |    15 ||   197
       Punch             |       |     2 |     4 |     4 |       |       ||    10
       Spear             |       |       |   168 |   373 |   497 |    96 ||  1134
Throw: Dart              |       |       |       |     3 |     2 |       ||     5
 Cast: Freeze            |    55 |    47 |    16 |    31 |    32 |     4 ||   185
       Ozocubu's Armour  |     1 |     5 |    22 |    43 |    59 |    13 ||   143
       Frozen Ramparts   |       |    10 |    27 |    47 |    53 |    10 ||   147
       Freezing Cloud    |       |       |       |    30 |   160 |    20 ||   210
       Kiss of Death     |       |       |       |     1 |     1 |       ||     2
       Irradiate         |       |       |       |     5 |    44 |    18 ||    67
       Iskenderun's Myst |       |       |       |     3 |     7 |     1 ||    11
       Hailstorm         |       |       |       |     1 |    52 |     4 ||    57
       Ozocubu's Refrige |       |       |       |       |    34 |     8 ||    42
       Yara's Violent Un |       |       |       |       |    11 |       ||    11
 Abil: Breathe Steam     |       |       |       |    10 |    15 |     3 ||    28
Evoke: Wand              |       |       |       |     1 |       |       ||     1
  Use: Scroll            |       |     3 |     7 |     6 |    15 |     1 ||    32
       Potion            |       |       |       |     2 |       |     3 ||     5
 Stab: Sleeping          |     1 |       |     1 |     2 |     2 |       ||     6
       Distracted        |       |       |       |     1 |       |       ||     1
Armor: Skin              |    24 |    44 |    76 |   214 |   272 |    99 ||   729
Dodge: Dodged            |    47 |    57 |   139 |   303 |   405 |   136 ||  1087
Block: Buckler           |       |       |       |    17 |    67 |    25 ||   109

Table legend: (Time is in decaauts)
 A = Elapsed time spent in this place.
 B = Non-inter-level travel time spent in this place.
 C = Inter-level travel time spent in this place.
 D = Time resting spent in this place.
 E = Time spent auto-exploring this place.
 F = Levels seen in this place.
 G = Mean time per level.
                   A        B        C        D        E       F      G
               +--------+--------+--------+--------+--------+-----+--------+
         Total |  29523 |  28362 |   1161 |   4235 |  19106 |  26 | 1135.5 |
       Dungeon |  16224 |  15459 |    765 |   2420 |  10336 |  15 | 1081.6 |
        Temple |    232 |    232 |      0 |      0 |    213 |   1 |  232.0 |
          Lair |   6658 |   6419 |    239 |    882 |   4392 |   5 | 1331.6 |
   Spider Nest |   3921 |   3835 |     86 |    715 |   2499 |   2 | 1960.5 |
  Orcish Mines |   2164 |   2093 |     71 |    176 |   1532 |   2 | 1082.0 |
         Abyss |    321 |    321 |      0 |     41 |    134 |   1 |  321.0 |
               +--------+--------+--------+--------+--------+-----+--------+

Top non-repeatable levels by time:
  Lair:5: 2356 daAuts
Spider:2: 2041 daAuts
Spider:1: 1879 daAuts
     D:6: 1719 daAuts
    D:14: 1481 daAuts
   Orc:2: 1408 daAuts
    D:12: 1372 daAuts
  Lair:4: 1348 daAuts
     D:4: 1314 daAuts
    D:15: 1303 daAuts
    D:13: 1274 daAuts
     D:5: 1273 daAuts
  Lair:1: 1224 daAuts
  Lair:3: 1108 daAuts
     D:1: 1036 daAuts
